 Dungeon Crawl Stone Soup version 0.27-a0-577-ge2a43ba0c9 (webtiles) character file.

Game seed: 2519080890924628796

125 jasper the Vexing (level 4, -3/24 HPs)
             Began as a Deep Elf Enchanter on Mar 9, 2021.
             Slain by Natasha (6 damage)
             ... on level 3 of the Dungeon.
             The game lasted 00:06:42 (4586 turns).

jasper the Vexing (Deep Elf Enchanter)              Turns: 4586, Time: 00:06:43

Health: -3/24      AC:  4    Str:  5    XL:     4   Next: 82%
Magic:  2/10       EV: 13    Int: 21    God:
Gold:   199        SH:  0    Dex: 15    Spells: 6/9 levels left

rFire    . . .     SeeInvis .   a - +1 dagger
rCold    . . .     Faith    .   (no shield)
rNeg     . . .     Spirit   .   b - +0 robe
rPois    .         Reflect  .   (no helmet)
rElec    .         Harm     .   (no cloak)
rCorr    .         Rampage  .   (no gloves)
Will     .....                  r - +1 pair of boots
Stlth    +++.......             (no amulet)
HPRegen  0.08/turn              (no ring)
MPRegen  0.12/turn              (no ring)

@: mighty
A: no striking features
a: no special abilities


You were on level 3 of the Dungeon.
You visited 1 branch of the dungeon, and saw 3 of its levels.

You collected 199 gold pieces.

Inventory:

Hand Weapons
 a - a +1 dagger (weapon)
 d - a +0 short sword
 k - a +0 hunting sling
Missiles
 c - 80 stones
 e - 2 javelins (quivered)
 j - 36 arrows
 l - 17 poisoned darts
 w - 4 datura-tipped darts
Armour
 b - a +0 robe (worn)
 f - a +0 leather armour
 r - a +1 pair of boots (worn)
 v - a +0 kite shield
Jewellery
 h - a ring of fire
Scrolls
 g - 3 scrolls of identify
 p - 2 scrolls of fog
 s - 2 scrolls of teleportation {unknown}
 u - a scroll of immolation {unknown}
 y - a scroll of random uselessness {unknown}
Potions
 i - a potion of might
 m - a potion of mutation {unknown}
 n - a potion of curing {unknown}
 o - 2 potions of attraction {unknown}
 q - a potion of degeneration {unknown}
 t - a potion of flight {unknown}
 x - 2 potions of heal wounds {unknown}


   Skills:
 - Level 1.0 Short Blades
 + Level 3.4 Dodging
 * Level 5.3 Stealth
 - Level 3.0 Spellcasting
 * Level 5.5 Hexes


You had 6 spell levels left.
You knew the following spells:

 Your Spells              Type           Power      Damage    Failure   Level
a - Corona                Hex            28%        N/A       1%          1
b - Ensorcelled Hibernat  Hex/Ice        28%        N/A       6%          2

Your spell library contained the following spells:

 Spells                   Type           Power      Damage    Failure   Level
 Confusing Touch          Hex            26%        N/A       4%          3
 Tukima's Dance           Hex            26%        N/A       4%          3
 Dazzling Flash           Conj/Hex       28%        N/A       13%         3


Dungeon Overview and Level Annotations

Branches:
Dungeon (3/15)

Altars:
Ashenzari

Annotations:
D:3 Natasha


Message History

Aim: Natasha (chance to affect: 45%) Natasha resists with some effort.
Natasha misses you.
You now have 0/10 mp.
Natasha casts a spell.
Natasha wildly gestures.
You feel disoriented.
Your magical contamination has completely faded away.
Throw: 5 darts (datura)
Press: ? - help, Q - select action, (/) - cycle Shift-Dir - straight line, f/p - Natasha
Aim: Natasha (50% to hit, chance to frenzy on hit: 87%)
You throw a datura-tipped dart. The datura-tipped dart hits Natasha.
Natasha flies into a frenzy!
Natasha misses you.
Natasha claws the crimson imp!
Natasha claws the crimson imp but does no damage.
The crimson imp blinks!
The crimson imp closely misses you.
The crimson imp blinks!
Natasha barely misses you. Natasha closely misses you.
Natasha hisses angrily.
Natasha misses you.
Throw: 3 javelins
Press: ? - help, Q - select action, (/) - cycle Shift-Dir - straight line, f/p - Natasha
Aim: Natasha (fast, strong, frenzied and insane, 50% to hit)
You throw a javelin. The javelin pierces through Natasha.
Natasha is moderately wounded.
Natasha closely misses you. Natasha claws you.
You take 6 damage, and have 15/24 hp.
MASSIVE DAMAGE!!
As you read the scroll labelled QITAOJ XABLERE, it crumbles to dust.
It is a scroll of identify.
p - 2 scrolls of fog Natasha claws you!
Ouch! That really hurt!
* * * LOW HITPOINT WARNING * * *
Natasha claws you but does no damage.
You take 12 damage, and have 3/24 hp.
MASSIVE DAMAGE!!
It was a potion of might.
You feel very mighty all of a sudden. Natasha claws you.
You die...

.#.......#### #.# #.#....#
...#####....# ##'## #.####.#
...########.# ##...## #.# #..#
.......####.# ##.....###.# #.##
.#####......# ##..........###.##
.#...##.#...## #.........####...#
.#.#.#.......#####.......+.......
.#.#.##.#........#.......####....
.#.#.##.##.#####@#......## ##.#.
.#.#.##.#### #h#.....## ###.
...#.##.# #.#.....# #. ##...##.#
#5######## #. ######.# #(...(...#
#. #.# ########.# # #. #.#
##.##.# #.#. #######.#######
##....5### #.#. #.............#
#........####.#.


You could see a crimson imp (summoned) and the neutral Natasha (fast, strong,
insane).

Vanquished Creatures
  Natasha (twice) (D:3)
  An adder (D:2)
  A river rat (D:3)
  3 worms
  A dart slug (D:2)
  3 leopard geckos
  2 ball pythons
  3 bats
  4 giant cockroaches
  3 goblins
  4 hobgoblins
  A quokka (D:3)
  4 frilled lizards
  6 kobolds
  8 rats
46 creatures vanquished.

Notes
Turn   | Place    | Note
-------+----------+-------------------------------------------
     0 | D:1      | jasper the Deep Elf Enchanter began the quest for the Orb.
     0 | D:1      | Reached XP level 1. HP: 10/10 MP: 6/6
   781 | D:1      | Reached XP level 2. HP: 15/15 MP: 8/8
  1460 | D:1      | Learned a level 2 spell: Ensorcelled Hibernation
  2359 | D:2      | Reached XP level 3. HP: 16/19 MP: 2/9
  3576 | D:3      | Reached skill level 5 in Hexes
  3655 | D:3      | Found a glowing drain.
  4012 | D:3      | Reached XP level 4. HP: 24/24 MP: 10/10
  4068 | D:3      | Noticed Natasha
  4073 | D:3      | Killed Natasha
  4074 | D:3      | Reached skill level 5 in Stealth
  4091 | D:3      | Found a broken altar of Ashenzari.
  4122 | D:3      | Noticed Natasha
  4127 | D:3      | Killed Natasha
  4565 | D:3      | Noticed Natasha
  4586 | D:3      | Slain by Natasha

Illustrated notes

Levels and vault maps discovered:
D:1:      evilmike_arrival_rings, layout_basic, minmay_tetromino_o4
D:2:      layout_basic
D:3:      layout_loops_corners, serial_co_window_serial, co_window_paths_b,
          co_window_of_opportunity_a, co_window_of_opportunity_a,
          co_window_of_opportunity_a, co_window_paths_b, co_window_paths_a,
          co_window_corner_a, co_window_paths_a, co_window_paths_b,
          co_window_broadway_a, co_window_of_opportunity_c, co_window_corner_b,
          co_window_of_opportunity_b, co_window_sun, co_window_paths_e,
          gup_sewer_entry_spiral, cheibrodos_ashenzari_chains, uniq_natasha

Skill      XL: |  1  2  3  4 |
---------------+-------------+-----
Stealth        | 4 5 |  5.3
Dodging        | 3 |  3.4
Hexes          | 5 |  5.5
Short Blades   | |  1.0
Spellcasting   | |  3.0

Action                   |  1- 3 |  4- 6 || total
-------------------------+-------+-------++-------
Melee: Dagger            |    78 |    14 ||    92
       Short sword       |     3 |       ||     3
Throw: Javelin           |    13 |     1 ||    14
       Dart              |    15 |     1 ||    16
       Stone             |     1 |       ||     1
 Cast: Ensorcelled Hiber |    38 |    12 ||    50
  Use: Scroll            |       |     1 ||     1
       Potion            |       |     1 ||     1
 Stab: Sleeping          |    26 |     6 ||    32
Armor: Robe              |    16 |     6 ||    22
Dodge: Dodged            |    57 |    12 ||    69

Table legend: (Time is in decaauts)
 A = Elapsed time spent in this place.
 B = Non-inter-level travel time spent in this place.
 C = Inter-level travel time spent in this place.
 D = Time resting spent in this place.
 E = Time spent auto-exploring this place.
 F = Levels seen in this place.
 G = Mean time per level.
                   A        B        C        D        E       F      G
               +--------+--------+--------+--------+--------+-----+--------+
         Total |   4664 |   4481 |    183 |    362 |   3534 |   3 | 1554.7 |
       Dungeon |   4664 |   4481 |    183 |    362 |   3534 |   3 | 1554.7 |
               +--------+--------+--------+--------+--------+-----+--------+

Top non-repeatable levels by time:
     D:3: 1632 daAuts
     D:1: 1545 daAuts
     D:2: 1486 daAuts
